AoeStats
← Leão

African Clearing

504865456Analyzed
4v4 RM · 25d ago on Sep 6, 2026· 52m 4s· 8 players
Game mode
Random Map
Map size
Large (8 player)
Population
200
Speed
Normal
Resources
Standard
Victory
Conquest
Starting age
Dark Age
Ending age
Imperial Age
RankedLock teamsTeams togetherTeam positionsShared explorationLock speedFull tech treeHidden civsTurbo modeCheats
Victory
Defeat
🇧🇷 Persians · Brazil
1266
+10
🇺🇸 Malians · United States
1228
+12
🇧🇷 Dravidians · Brazil
1190
+13
🇧🇷 Burgundians · Brazil
1171
+14
🇧🇪 Magyars · Belgium
1224
-16
🇧🇪 Franks · Belgium
1144
-13
🇺🇸 Japanese · United States
1102
-11
🇦🇷 Sicilians · Argentina
1052
-9
twitch.tv/WatzTheDeal
4:59 Loom
12:28 Feudal Age
12:38 Man-at-Arms
13:06 Double-Bit Axe
15:06 Arson
19:30 Scale Mail Armor
19:40 Forging
24:40 Castle Age
24:30 Wheelbarrow
23:38 Horse Collar
25:06 Pikeman
25:07 Long Swordsman
25:48 Squires
25:34 Gambesons
27:44 Chain Mail Armor
31:24 Bloodlines
31:14 Husbandry
33:43 Scale Barding Armor
34:14 Iron Casting
38:22 Fervor
38:23 Redemption
49:39 Imperial Age
47:44 Hand Cart
47:14 Town Watch
YouGotWalled
6:10 Loom
13:22 Feudal Age
15:39 Double-Bit Axe
16:36 Horse Collar
22:46 Wheelbarrow
26:54 Castle Age
24:51 Fletching
25:03 Gold Mining
26:10 Bloodlines
26:06 Padded Archer Armor
28:19 Bodkin Arrow
28:52 Bow Saw
29:00 Husbandry
30:56 Ballistics
32:16 Hand Cart
34:41 Gold Shaft Mining
36:19 Thumb Ring
41:34 Imperial Age
42:05 Heavy Cavalry Archer
43:16 Bracer
44:39 Parthian Tactics
45:18 Leather Archer Armor
48:04 Chemistry
49:00 Recurve Bow
JC
4:16 Loom
14:09 Feudal Age
18:31 Castle Age
16:24 Double-Bit Axe
20:04 Scale Barding Armor
24:11 Forging
25:57 Husbandry
29:34 Chain Barding Armor
32:23 Bow Saw
34:07 Iron Casting
39:39 Wheelbarrow
48:03 Imperial Age
48:22 Cavalier
49:41 Plate Barding Armor
Lizard
15:51 Feudal Age
17:07 Town Watch
23:33 Castle Age
24:34 Pikeman
36:30 Double-Bit Axe
42:17 Wheelbarrow
41:41 Horse Collar
45:56 Murder Holes
46:41 Hand Cart
46:42 Bow Saw
48:14 Gambesons
48:50 Scale Mail Armor
49:01 Heavy Plow
49:19 Padded Archer Armor
49:33 Forging
52:01 Chain Mail Armor
Lopes
3:39 Loom
13:41 Feudal Age
14:30 Double-Bit Axe
18:23 Castle Age
17:34 Gold Mining
27:13 Wheelbarrow
26:42 Stone Mining
26:34 Horse Collar
34:28 Imperial Age
33:01 Bow Saw
33:06 Heavy Plow
34:01 Bloodlines
34:59 Scale Barding Armor
35:04 Forging
36:12 Conscription
36:06 Farimba
37:21 Crop Rotation
37:31 Chain Barding Armor
37:31 Husbandry
36:52 Light Cavalry
38:24 Iron Casting
38:59 Plate Barding Armor
41:03 Elite Gbeto
42:57 Hand Cart
48:47 Heavy Camel Rider
BRAZILBIKINI
3:00 Loom
13:39 Feudal Age
14:36 Double-Bit Axe
17:34 Castle Age
18:23 Gold Mining
19:54 Bow Saw
20:25 Scale Barding Armor
21:05 Husbandry
26:42 Chain Barding Armor
27:22 Forging
30:26 Iron Casting
31:54 Horse Collar
39:18 Wheelbarrow
42:33 Imperial Age
40:19 Hand Cart
41:47 Fletching
41:53 Town Watch
45:10 Blast Furnace
44:04 Elite Skirmisher
45:50 Medical Corps
46:07 Conscription
47:22 Heavy Plow
47:21 Stone Mining
48:14 Padded Archer Armor
48:56 Bodkin Arrow
49:17 Leather Archer Armor
51:09 Bracer
52:31 Chemistry
52:01 Ballistics
Leão
8:28 Loom
14:21 Feudal Age
17:49 Castle Age
16:25 Double-Bit Axe
18:31 Forging
19:54 Town Watch
22:32 Horse Collar
33:32 Heavy Plow
34:15 Bloodlines
34:05 Husbandry
37:26 Wheelbarrow
38:52 Scale Barding Armor
39:31 Fletching
41:56 Bow Saw
44:37 Gold Mining
47:08 Iron Casting
46:54 Chain Barding Armor
49:57 Gold Shaft Mining
LzDazz
6:23 Loom
12:38 Feudal Age
14:28 Double-Bit Axe
15:46 Horse Collar
20:39 Wheelbarrow
23:43 Castle Age
22:46 Gold Mining
23:48 Scale Barding Armor
24:04 Cavalier
24:49 Husbandry
26:20 Forging
26:34 Bow Saw
28:34 Chain Barding Armor
30:03 Fletching
35:27 Stone Mining
41:44 Imperial Age
40:32 Heavy Plow
42:05 Paladin
43:22 Plate Barding Armor
43:35 Iron Casting
44:36 Conscription
49:47 Blast Furnace
Connection lost

Rejoining the realm…

Still unreachable

The connection could not be restored.

Session expired

The server has moved on; the page needs a fresh start.